 Dungeon Crawl Stone Soup version 0.21-a0-344-g2144152 (webtiles) character file.

3 tidbits the Scratcher (level 1, -2/9 HPs)
             Began as a Felid Transmuter on Oct 4, 2017.
             Slain by a hobgoblin
             ... wielding a +0 club
              (7 damage)
             ... on level 1 of the Dungeon.
             The game lasted 00:00:50 (140 turns).

tidbits the Scratcher (Felid Transmuter)             Turns: 140, Time: 00:00:51

Health: -2/9       AC:  1    Str:  6    XL:     1   Next: 41%
Magic:  3/4        EV: 18    Int: 14    God:
Gold:   13         SH:  0    Dex: 16    Spells: 3/4 levels left
                                        Lives:  0   Deaths: 0

rFire    . . .     SeeInvis +     - Unarmed
rCold    . . .     Gourm    .   (shield unavailable)
rNeg     . . .     Faith    .   (armour unavailable)
rPois    .         Spirit   .   (helmet unavailable)
rElec    .         Reflect  .   (cloak unavailable)
rCorr    .         Harm     .   (gloves unavailable)
MR       .....                  (boots unavailable)
Stlth    ++........             (no amulet)
HPRegen  0.03/turn              (no ring)
MPRegen  0.09/turn              (no ring)

@: appendage (expiring), quick
A: no armour, no weapons or thrown items, stealth, claws 1, fangs 3, horns 2,
see invisible, carnivore 3, speed 1, shaggy fur 1, slow metabolism 1, sharp paws
a: End Transformation


You were on level 1 of the Dungeon.
You were not hungry.
You had grown temporary horns.
You visited 1 branch of the dungeon, and saw 1 of its levels.

You collected 13 gold pieces.

Inventory:

Missiles
 a - 12 arrows
Scrolls
 e - a scroll of enchant armour {unknown}
Potions
 d - a potion of might {unknown}
Books
 b - a book of Changes

   Spells                             Type                      Level
   a - Beastly Appendage              Transmutation                1
   b - Sticks to Snakes               Transmutation                2
   c - Spider Form                    Transmutation/Poison         3
   d - Ice Form                       Ice/Transmutation            4
   e - Blade Hands                    Transmutation                5
Comestibles
 c - 2 meat rations


   Skills:
 - Level 1.0 Fighting
 - Level 2.7 Dodging
 + Level 0.6 Stealth
 + Level 3.1 Unarmed Combat
 - Level 2.0 Spellcasting
 - Level 2.2 Transmutations


You had 3 spell levels left.
You knew the following spells:

 Your Spells              Type           Power        Failure   Level  Hunger
e - Beastly Appendage     Tmut           #.....       10%         1    ##.....


Dungeon Overview and Level Annotations

Branches:
Dungeon (1/15)

Altars:


Innate Abilities, Weirdness & Mutations

You cannot wear armour.
You are incapable of wielding weapons or throwing items.
Your paws allow you to move quietly. (Stealth)
You have sharp claws.
You have razor-sharp teeth.
You have supernaturally acute eyesight. (SInv)
You are carnivorous and can eat meat at any time.
You cover ground quickly.
You are covered in fur. (AC +1)
You have a slow metabolism.
Your sharp claws are effective at attacking unaware monsters.
You have a pair of horns on your head.


Message History

Welcome, tidbits the Felid Transmuter.
Will you be the one to retrieve the fabulous Orb of Zot from the depths?
Press ? for a list of commands and other information.
Found a staircase leading out of the dungeon.
Found a meat ration.
c - 2 meat rations (gained 1)
You open the door.
There is an open door here.
Unknown command.
You open the door.
Found a fuming grey potion.
There is an open door here.
A hobgoblin comes into view. It is wielding a club.
Found 16 stones.
You see here a fuming grey potion.
Casting: Beastly Appendage
Confirm with . or Enter, or press ? or * to list all spells.
You grow a pair of large bovine horns.
You scratch the hobgoblin but do no damage.
You headbutt the hobgoblin.
The hobgoblin is lightly wounded.
The hobgoblin misses you.
You barely miss the hobgoblin.
The hobgoblin is lightly wounded.
You scratch the hobgoblin. You headbutt the hobgoblin.
You kill the hobgoblin!
d - a fuming grey potion
Things that are here:
a club; a hobgoblin corpse Your transformation is almost over.
Found a scroll labeled KUMUTA DOUM.
e - a scroll labeled KUMUTA DOUM Your horns disappear.
Found 13 gold pieces.
You now have 13 gold pieces.
Found a glowing mace.
A bat and a kobold come into view.
The helpless kobold fails to defend itself.
You scratch the kobold.
You kill the kobold!
Casting: Beastly Appendage
Confirm with . or Enter, or press ? or * to list all spells.
You grow a pair of large bovine horns.
You scratch the bat. You headbutt the bat.
You kill the bat!
You see here a bat corpse.
You butcher the bat corpse.
f - a chunk of flesh Your transformation is almost over.
Eat a chunk of flesh? (ye/n/q)
You eat the chunk of flesh.
This raw flesh tastes great.
Okay, then.
Your horns disappear.
A hobgoblin comes into view. It is wielding a club.
A hobgoblin is nearby!
Casting: Beastly Appendage
Confirm with . or Enter, or press ? or * to list all spells.
You grow a pair of large bovine horns.
The hobgoblin shouts!
A leopard gecko comes into view.
Found a scroll labeled WUECWO RIUWA.
Your transformation is almost over.
The leopard gecko hisses menacingly.
You scratch the hobgoblin but do no damage.
The hobgoblin misses you.
A rat comes into view.
You scratch the hobgoblin but do no damage.
Your headbutt misses the hobgoblin. You barely miss the hobgoblin.
You bite the hobgoblin, but do no damage.
The hobgoblin hits you with a club.
You barely miss the hobgoblin. You claw the hobgoblin.
The hobgoblin is moderately wounded.
The hobgoblin misses you.
You barely miss the hobgoblin.
You headbutt the hobgoblin, but do no damage.
The hobgoblin is moderately wounded.
The hobgoblin hits you with a club!
Ouch! That really hurt!
You die...

# ###.###
##########r......
#.......@gl#
#.########.# #.#
.# #.# .. ##.##
... #...# ###.
#..## ?# #.## # #
#.#


You could see a leopard gecko, a hobgoblin and a rat.

Vanquished Creatures
  A hobgoblin (D:1)
  A kobold (D:1)
  A bat (D:1)
3 creatures vanquished.

Notes
Turn   | Place    | Note
-------+----------+-------------------------------------------
     0 | D:1      | tidbits the Felid Transmuter began the quest for the Orb.
     0 | D:1      | Reached XP level 1. HP: 9/9 MP: 4/4
   140 | D:1      | Slain by a hobgoblin

Vault maps used:
D:1:      elethiomel_arrival_shortcut

Action                   || total
-------------------------++-------
Melee: Unarmed           ||    10
       Headbutt          ||     4
       Punch             ||     1
       Bite              ||     1
 Cast: Beastly Appendage ||     3
 Stab: Sleeping          ||     1
  Eat: Chunk             ||     1
Dodge: Dodged            ||     3

Table legend:
 A = Spawn XP
 B = Non-spawn XP
 C = Spawn XP percentage of total XP
 D = Spawn monster count
 E = Non-spawn monster count
 F = Spawn count percentage of total count
 G = Total turns spent on level
                    A         B        C        D         E        F      G
               +---------+---------+-------+---------+---------+-------+---------
         Total |       0 |       5 |   0.0 |       0 |       3 |   0.0 |   140
               +---------+---------+-------+---------+---------+-------+---------
           D:1 |       0 |       5 |   0.0 |       0 |       3 |   0.0 |   140
               +---------+---------+-------+---------+---------+-------+---------

Table legend:
 A = Turns spent in this place as a percentage of turns spent in the entire game.
 B = Non-inter-level travel turns spent in this place as a percentage of non-inter-level travel turns spent in the entire game.
 C = Inter-level travel turns spent in this place as a percentage of turns spent in this place.
 D = Turns resting spent in this place as a percentage of non-inter-level travel turns spent in this place.
 E = Turns spent auto-exploring this place as a percentage of non-inter-level travel turns spent in this place.
 F = Non-inter-level travel turns spent in this place divided by the number of levels of this place that you've seen.
                   A       B       C       D       E      F
               +-------+-------+-------+-------+-------+----------------------
         Total | 100.0 | 100.0 |   0.0 |   0.0 |   0.0 | 140.0
       Dungeon | 100.0 | 100.0 |   0.0 |   0.0 |   0.0 | 140.0
               +-------+-------+-------+-------+-------+----------------------

Table legend:
 A = Kills in this place as a percentage of kills in entire the game.
 B = Kills by you in this place as a percentage of kills by you in the entire game.
 C = Kills by friends in this place as a percentage of kills by friends in the entire game.
 D = Other kills in this place as a percentage of other kills in the entire game.
 E = Experience gained in this place as a percentage of experience gained in the entire game.
 F = Experience gained in this place divided by the number of levels of this place that you have seen.
                   A       B       C       D       E      F
               +-------+-------+-------+-------+-------+----------------------
         Total | 100.0 | 100.0 |   N/A |   N/A | 100.0 |   5.0
       Dungeon | 100.0 | 100.0 |   N/A |   N/A | 100.0 |   5.0
               +-------+-------+-------+-------+-------+----------------------

Vault maps used:
D:1:      elethiomel_arrival_shortcut
